 Dungeon Crawl Stone Soup version 0.29.1-1-gd02db6906a (webtiles) character file.

Game seed: 14529704570498865887

1 hikkokomori the Covered (level 1, -1/14 HPs)
             Began as a Gargoyle Fighter on Oct 6, 2022.
             Slain by a hobgoblin (2 damage)
             ... on level 1 of the Dungeon.
             The game lasted 00:00:06 (19 turns).

hikkokomori the Covered (Gargoyle Fighter)            Turns: 19, Time: 00:00:07

Health: -1/14      AC:  9    Str: 19    XL:     1   Next: 20%
Magic:  1/1        EV:  9    Int:  8    God:
Gold:   0          SH:  4    Dex:  9    Spells: 0/0 levels left

rFire   . . .      SeeInvis .   a - +0 flail
rCold   . . .      Faith    .   c - +0 buckler
rNeg    + . .      Spirit   .   b - +0 scale mail
rPois   ∞          Reflect  .   (no helmet)
rElec   +          Harm     .   (no cloak)
rCorr   .          Rampage  .   (no gloves)
Will    .....                   (no boots)
Stlth   ..........              (no amulet)
HPRegen 0.04/turn               (no ring)
MPRegen 0.07/turn               (no ring)

@: no status effects
A: sickness immunity, AC +2, negative energy resistance 1, electricity
resistance, torment resistance 1, petrification resistance
a: no special abilities


You were on level 1 of the Dungeon.
You visited 1 branch of the dungeon, and saw 1 of its levels.

Inventory:

Hand Weapons
 a - a +0 flail (weapon)
Armour
 b - a +0 scale mail (worn)
 c - a +0 buckler (worn)
Potions
 d - a potion of might


   Skills:
 + Level 3.3 Fighting
 + Level 2.0 Maces & Flails
 + Level 3.3 Armour
 + Level 3.3 Shields


You couldn't memorise any spells.
You didn't know any spells.
Your spell library was empty.

Dungeon Overview and Level Annotations

Branches:
Dungeon (1/15)

Altars:


Innate Abilities, Weirdness & Mutations

You are immune to sickness and miasma.
Your stone body is resilient. (AC +2)
You are immune to poison.
You resist negative energy. (rN+)
You are resistant to electric shocks. (rElec)
You are resistant to unholy torment.
You are immune to petrification.


Message History

The hobgoblin hits you.
* * * LOW HITPOINT WARNING * * *
Unknown command.
You barely miss the hobgoblin.
The hobgoblin is heavily wounded.
The hobgoblin hits you.
* * * LOW HITPOINT WARNING * * *
The rat bites you but does no damage.
The hobgoblin hits you but does no damage.
Unknown command.
You barely miss the hobgoblin.
The hobgoblin is heavily wounded.
The hobgoblin misses you. The rat bites you but does no damage.
You block the hobgoblin's attack. The rat closely misses you.
The hobgoblin hits you but does no damage.
The hobgoblin barely misses you.
Unknown command.
You closely miss the hobgoblin.
The hobgoblin is heavily wounded.
The hobgoblin barely misses you. You block the rat's attack.
The hobgoblin hits you but does no damage.
Unknown command.
You closely miss the hobgoblin.
The hobgoblin is heavily wounded.
The hobgoblin hits you but does no damage. x2
The rat bites you but does no damage.
You closely miss the hobgoblin.
The hobgoblin is heavily wounded.
The hobgoblin barely misses you. The rat completely misses you.
You block the hobgoblin's attack. The rat barely misses you.
The hobgoblin hits you but does no damage.
The hobgoblin closely misses you.
Unknown command.
You sock the hobgoblin!
You kill the hobgoblin!
The endoplasm jiggles.
The rat completely misses you. The hobgoblin barely misses you.
Unknown command.
The hobgoblin hits you.
You die...

.⌠... .#
....##.#
.......
.....
#...#
♣.J.♣
#.gr#
♣.@.♣
#...#
♣...♣
#...#
♣.♣.♣
#.♣.#
♣...♣
#...#
#.<.#


You could see an endoplasm, a hobgoblin and a rat.

Vanquished Creatures
  A hobgoblin (D:1)
1 creature vanquished.

Notes
Turn   | Place    | Note
-------+----------+-------------------------------------------
     0 | D:1      | hikkokomori the Gargoyle Fighter began the quest for the
                  | Orb.
     0 | D:1      | Reached XP level 1. HP: 14/14 MP: 1/1
    19 | D:1      | Slain by a hobgoblin

Illustrated notes

Levels and vault maps discovered:
D:1:      minmay_arrival_plants_in_alcoves, layout_loops_ring, serial_shops,
          nicolae_shop_trees, shop_fountains, nicolae_shop_statue_plus,
          nicolae_diamond_shop, nicolae_diamond_shop, minmay_strange_pillars,
          dreamdust_mushroom_princess

Action                   || total
-------------------------++-------
Melee: Flail             ||    11
Armor: Scale mail        ||    13
Dodge: Dodged            ||    14
Block: Buckler           ||     6
